 Dungeon Crawl Stone Soup version 0.17.0-25-gefc9c12 (console) character file.

24 gw the Grave Robber (level 2, 0/24 HPs)
             Began as a Deep Dwarf Necromancer on Nov 18, 2015.
             Slain by a goblin
             ... wielding a +0 dagger
             ... led by Robin
              (1 damage)
             ... on level 2 of the Dungeon.
             The game lasted 00:01:24 (1187 turns).

gw the Grave Robber (Deep Dwarf Necromancer)        Turns: 1187, Time: 00:01:24

Health: 0/24       AC:  2    Str: 11    XL:     2   Next: 79%
Magic:  0/5        EV: 12    Int: 15    God:
Gold:   99         SH:  0    Dex: 13    Spells: 2 memorised, 3 levels left

rFire  . . .     SeeInvis .     a - +0 short sword
rCold  . . .     Clarity  .     h - +0 robe
rNeg   . . .     SustAt   .     (no shield)
rPois  .         Gourm    .     (no helmet)
rElec  .         Spirit   .     (no cloak)
rCorr  .         Warding  .     (no gloves)
rMut   .         Stasis   .     (no boots)
MR     +....                    (no amulet)
Stlth  ++........               (no ring)
                                g - ring of protection from magic

@: non-regenerating, somewhat resistant to hostile enchantments, unstealthy
A: damage resistance, recharge devices, sense surroundings 1, slow regeneration
3
a: Device Recharging


You were on level 2 of the Dungeon.
You were not hungry.

You visited 1 branch of the dungeon, and saw 2 of its levels.

You collected 99 gold pieces.

Inventory:

Hand Weapons
 a - a +0 short sword (weapon)
Armour
 h - a +0 robe (worn)
Jewellery
 g - a ring of protection from magic (left hand)
Wands
 c - a wand of heal wounds (0)
Scrolls
 k - a scroll of identify
Books
 b - a book of Necromancy

   Spells                             Type                      Level
   a - Pain                           Necromancy                   1
   b - Animate Skeleton               Necromancy                   1
   c - Vampiric Draining              Necromancy                   3
   d - Regeneration                   Charms/Necromancy            3
   e - Animate Dead                   Necromancy                   4
   f - Control Undead                 Necromancy                   4
Comestibles
 d - 2 bread rations
 f - 3 chunks of flesh
 i - a meat ration


   Skills:
 + Level 0.6 Fighting
 + Level 1.3 Armour
 - Level 2.1 Dodging
 - Level 2.4 Stealth
 * Level 2.2 Spellcasting
 + Level 4.4 Necromancy
 - Level 0.3 Evocations


You had 3 spell levels left.
You knew the following spells:

 Your Spells              Type           Power        Failure   Level  Hunger
a - Pain                  Necr           ###.         3%          1    #......
b - Animate Skeleton      Necr           N/A          3%          1    #......


Dungeon Overview and Level Annotations

Branches:
Dungeon (2/15)

Altars:

Annotations:
D:2 Natasha, Robin


Innate Abilities, Weirdness & Mutations

You are resistant to damage.
You can recharge devices by infusing magical energy.
You passively map a small area around you.
You do not regenerate naturally.


Message History

Robin roars a battlecry!
The goblins go into a battle-frenzy!
Robin barely misses you. The goblin hits you.
The goblin hits you but does no damage. The goblin hits you with a dagger.
The crimson imp blinks!
ATTACK MOVE TO (-1,-1)
You hit the hobgoblin.
The hobgoblin is lightly wounded.
The white imp disappears in a puff of smoke!
The hobgoblin closely misses you. The hobgoblin misses you.
The goblin misses you. The goblin closely misses you.
The hobgoblin hits you with a club. The goblin hits you with a dagger.
Robin misses you.
ATTACK MOVE TO (-1,-1)
You barely miss the hobgoblin.
The hobgoblin is lightly wounded.
The crimson imp disappears in a puff of smoke!
The hobgoblin barely misses you. The goblin barely misses you.
The hobgoblin barely misses you. The goblin hits you with a dagger.
You die...

, , , ......, , ,
*##....##* ,. ,
##......#* .. * , ,
.......# .. * ,**
#...ยค.##.# , * *
.# ##.)hgw...#* ,
...#..ggggg#* * ,
..)...ggg#.##
.....>.gg#..#
,,..........#.#####
*, ..####........$#
. * #.........# *
#.........# * , *
#.........# ,
#.........#
#...%.....#


You could see a worm, Robin, Natasha, 4 hobgoblins and 5 goblins.

Table legend:
 A = Turns spent in this place as a percentage of turns spent in the entire game.
 B = Non-inter-level travel turns spent in this place as a percentage of non-inter-level travel turns spent in the entire game.
 C = Inter-level travel turns spent in this place as a percentage of turns spent in this place.
 D = Turns resting spent in this place as a percentage of non-inter-level travel turns spent in this place.
 E = Turns spent auto-exploring this place as a percentage of non-inter-level travel turns spent in this place.
 F = Non-inter-level travel turns spent in this place divided by the number of levels of this place that you've seen.
                   A       B       C       D       E      F
               +-------+-------+-------+-------+-------+----------------------
         Total | 100.0 | 100.0 |   0.4 |   2.1 |   2.2 | 1025.0
       Dungeon | 100.0 | 100.0 |   0.4 |   2.1 |   2.2 | 1025.0
               +-------+-------+-------+-------+-------+----------------------

Table legend:
 A = Kills in this place as a percentage of kills in entire the game.
 B = Kills by you in this place as a percentage of kills by you in the entire game.
 C = Kills by friends in this place as a percentage of kills by friends in the entire game.
 D = Other kills in this place as a percentage of other kills in the entire game.
 E = Experience gained in this place as a percentage of experience gained in the entire game.
 F = Experience gained in this place divided by the number of levels of this place that you have seen.
                   A       B       C       D       E      F
               +-------+-------+-------+-------+-------+----------------------
         Total | 100.0 | 100.0 | 100.0 |  -nan | 100.0 |  17.5
       Dungeon | 100.0 | 100.0 | 100.0 |  -nan | 100.0 |  17.5
               +-------+-------+-------+-------+-------+----------------------

Vanquished Creatures
  A worm (D:2)
  A giant gecko (D:1)
  2 giant cockroaches (D:2)
  5 hobgoblins
  3 bats (D:1)
  A giant newt (D:1)
  A goblin (D:2)
  2 kobolds
  3 rats (D:1)
19 creatures vanquished.

Vanquished Creatures (collateral kills)
  A hobgoblin (D:1)
1 creature vanquished.

Grand Total: 20 creatures vanquished

Notes
Turn   | Place    | Note
--------------------------------------------------------------
     0 | D:1      | gw the Deep Dwarf Necromancer began the quest for the Orb.
     0 | D:1      | Reached XP level 1. HP: 15/15 MP: 3/3
     2 | D:1      | Learned a level 1 spell: Animate Skeleton
   426 | D:1      | Reached skill level 1 in Armour
   426 | D:1      | Reached XP level 2. HP: 22/24 MP: 0/4
  1160 | D:2      | Noticed Robin
  1167 | D:2      | Noticed Natasha
  1186 | D:2      | HP: 1/24 [goblin/dagger[Robin] (2)]
  1187 | D:2      | Slain by a goblin

Action                   || total
-------------------------++-------
Melee: Club              ||     6
       Short sword       ||    37
 Cast: Pain              ||    36
       Animate Skeleton  ||     8
Evoke: Wand              ||     5
  Use: Scroll            ||     3
       Potion            ||     1
  Eat: Chunk             ||     2

Vault maps used:
D:1:      roderic_chinese_lattice_arrival, supply_closet_lemuel
D:2:      gammafunk_temple_overflow_elements, minmay_misc_feat_encased,
          uniq_robin, uniq_natasha
